Map: Dreamcatcher LE

Players

Vlign - Winner!

  • Race: Terran Terran
  • League: Diamond
  • Spawn Location: 11:00

ThisJim

  • Race: Terran Terran
  • League: Diamond
  • Spawn Location: 5:00

VOD

Have the link to the VOD?

Description

Time

  • Played on: June 19, 2018, 2:43 p.m.
  • Length: 5:28
Show
View Real Time Build Order
Export as new Build Order

Vlign Terran - Winner!

Build Orders: Liberator Opening 

Get SALT Encoding   

  12  0:01  SCV  
  13  0:13  SCV  
  14  0:18  Supply Depot  
  14  0:25  SCV  
  15  0:32  Refinery  
  15  0:40  SCV  
  16  0:48  Barracks  
  16  0:52  SCV  
  17  1:05  SCV  
  18  1:17  SCV  
  19  1:35  Orbital Command  
  19  1:37  Marine  
  19  1:39  Factory  
  20  1:59  Marine  
  21  2:02  SCV  
  21  2:05  Refinery  
  22  2:12  Bunker  
  22  2:14  SCV  
  23  2:30  Starport  
  23  2:36  Supply Depot  
  23  2:50  Command Center  
  23  2:51  Liberator  
  23  2:57  Marine  
  23  2:58  SCV, Widow Mine  
  27  3:10  SCV  
  31  3:17  Factory  
  31  3:27  Supply Depot  
  31  3:30  Factory Tech Lab  
  31  3:44  Marine  
  31  3:48  SCV  
  31  3:49  Hellion  
  30  4:20  SCV  
  31  4:25  Siege Tank  
  31  4:28  Cyclone  
  37  4:34  Barracks Reactor  
  37  4:36  SCV  
  38  4:50  SCV  
  44  5:10  SCV  
  44  5:12  Refinery  
  45  5:16  Refinery  
Show
View Real Time Build Order
Export as new Build Order

ThisJim Terran 

Build Orders:  

Get SALT Encoding   

  12  0:01  SCV  
  13  0:13  SCV  
  14  0:23  Supply Depot  
  14  0:26  SCV  
  15  0:29  Refinery  
  15  0:46  Barracks  
  15  0:49  SCV  
  16  1:01  SCV  
  17  1:09  Supply Depot  
  17  1:13  SCV  
  17  1:15  Refinery  
  18  1:30  Barracks  
  18  1:35  Reaper  
  19  1:47  Barracks  
  19  2:00  Orbital Command  
  19  2:08  Reaper  
  20  2:17  Barracks Reactor  
  20  2:26  SCV  
  20  2:28  Supply Depot  
  21  2:34  Reaper  
  22  2:40  Reaper  
  22  2:41  SCV  
  24  2:53  Reaper x2  
  24  2:57  Engineering Bay  
  26  3:00  SCV  
  27  3:06  Reaper  
  27  3:12  Reaper  
  29  3:25  Reaper  
  29  3:26  Command Center  
  30  3:29  Reaper  
  31  3:35  SCV  
  31  3:39  Supply Depot  
  26  4:19  Barracks Tech Lab  
  25  4:25  Barracks Tech Lab  
  19  4:33  Orbital Command  
  19  4:44  Missile Turret  
  18  5:08  Missile Turret  
Tags
 
Add a new tag
Caveats
  • Supply blocks, unpowered buildings, or Contaminate may cause inaccurate times.
  • Supply counts are checked every 10 seconds.